 Dungeon Crawl Stone Soup version 0.31-a0-7-g51783674b7 (webtiles) character file.

Game seed: 1733080939206965448

446 voltaire321 the Charlatan (level 6, -1/46 HPs)
             Began as a Demonspawn Artificer on May 5, 2023.
             Slain by an orc priest
             ... wielding a +0 whip
              (3 damage)
             ... on level 4 of the Dungeon.
             The game lasted 00:09:51 (3338 turns).

voltaire321 the Charlatan (Demonspawn Artificer)    Turns: 3338, Time: 00:09:52

Health: -1/46      AC:  7    Str: 14    XL:     6   Next: 73%
Magic:  0/8        EV: 12    Int: 12    God:
Gold:   246        SH:  0    Dex: 14    Spells: 8/8 levels left

rFire   . . .        t - +4 long sword "Gualus" {venom, Will+}
rCold   . . .        (no shield)
rNeg    . . .        b - +0 leather armour
rPois   .            (helmet restricted)
rElec   .            (no cloak)
rCorr   .            (no gloves)
SInv    .            j - +1 pair of boots
Will    +....        k - amulet of guardian spirit
Stlth   +            (no ring)
HPRegen 0.27/turn    (no ring)
MPRegen 0.11/turn

%: guardian spirit
@: no status effects
A: horns 1, molten scales 1, foul stench 1
a: no special abilities


You were on level 4 of the Dungeon.
You visited 1 branch of the dungeon, and saw 4 of its levels.
You also visited: Sewer and Ossuary.

You collected 246 gold pieces.

Inventory:

Hand Weapons
 t - the +4 long sword "Gualus" (weapon) {venom, Will+}
   (You found it on level 3 of the Dungeon)

   Will:      It increases your willpower.
Missiles
 i - a curare-tipped dart
Armour
 b - a +0 leather armour (worn)
 j - a +1 pair of boots (worn)
 w - a +0 chain mail
Jewellery
 k - an amulet of guardian spirit (around neck)
 p - a ring of fire
 s - a ring of flight
Wands
 c - a wand of flame (9) (quivered)
 d - a wand of charming (15)
 e - a wand of iceblast (5)
 n - a wand of roots (6)
 q - a wand of paralysis (8)
Scrolls
 a - 9 scrolls of identify {unknown}
 g - a scroll of teleportation {unknown}
 h - 2 scrolls of fog {unknown}
 l - 3 scrolls of enchant armour {unknown}
 o - 7 scrolls of noise
 r - 2 scrolls of torment {unknown}
 y - 3 scrolls of vulnerability {unknown}
 z - a scroll of acquirement {unknown}
Potions
 f - 6 potions of flight
 m - 2 potions of might {unknown}
 u - a potion of heal wounds
 v - 4 potions of curing
 x - 3 potions of mutation
 A - a potion of haste {unknown}
 B - a potion of brilliance {unknown}
 C - a potion of magic {unknown}
 D - a potion of attraction {unknown}


   Skills:
 + Level 2.7 Fighting
 + Level 1.6 Long Blades
 + Level 3.1 Armour
 + Level 2.6 Dodging
 - Level 0.8 Stealth
 + Level 1.8 Spellcasting
 + Level 2.0 Summonings
 + Level 4.1 Evocations


You had 8 spell levels left.
You didn't know any spells.
Your spell library contained the following spells:

 Spells                   Type           Power      Damage    Failure   Level
 Summon Small Mammal      Summ           24%        N/A       14%         1
 Call Canine Familiar     Summ           6%         N/A       41%         3
 Scorch                   Fire           2%         2d5       45%         2
 Summon Guardian Golem    Hex/Summ       3%         N/A       54%         3
 Dazzling Flash           Conj/Hex       2%         N/A       71%         3
 Flame Wave               Conj/Fire      1%         2d4       98%         4
 Agony                    Necr           1%         N/A       100%        5
 Silence                  Hex/Air        0%         N/A       100%        5
 Summon Cactus Giant      Summ           3%         N/A       100%        6


Dungeon Overview and Level Annotations

Branches:
Dungeon (4/15)              Sewer (visited)         Ossuary (visited)
 Temple: D:4-7

Altars:
Okawaru


Innate Abilities, Weirdness & Mutations

You have a pair of small horns on your head.
You are partially covered in molten scales. (AC +2)
You may rarely emit foul miasma when damaged in melee.


Message History

The orc wizard moves out of view.
The orc priest miscasts a cantrip.
The orc priest looks braver for a moment.
The orc priest mumbles some strange prayers to Beogh against you.
Beogh smites you!
You closely miss the orc. The orc completely misses you.
You hit the orc.
The orc is poisoned.
You headbutt the orc.
You kill the orc!
You hit the orc. You headbutt the orc.
The orc is severely wounded.
The orc hits you but does no damage. The orc closely misses you.
You slash the orc!
You kill the orc!
You closely miss the orc. The orc barely misses you.
You slash the orc!
You kill the orc!
The orc priest looks satisfied for a moment.
The orc priest shouts!
You hit the orc priest.
The orc priest is lightly wounded.
The orc priest looks satisfied for a moment.
The orc priest hits you with a +0 flail.
The orc priest calls down the wrath of Beogh upon you.
Beogh smites you!
You hit the orc priest.
The orc priest is poisoned.
The orc priest is heavily wounded.
The orc priest calls down the wrath of Beogh upon you.
Beogh smites you!
* * * LOW HITPOINT WARNING * * *
The orc priest looks braver for a moment.
The orc priest calls down the wrath of Beogh upon you.
Pain shoots through your body!
* * * LOW HITPOINT WARNING * * *
The orc priest closely misses you.
Items here: ))) [[ †.
You slash the orc priest!
You kill the orc priest!
The orc priest hits you but does no damage.
The orc priest hits you with a +0 whip.
You die...

#..##............................
#........#..........#....P.P#....
.).......#..............##.##....
........##.....#.......P# .. ...
........##.....#......... .
....^...###....#.......P# .
........###....##.......# . .
.........##....#).# P. .
...............#@#######... .
........###..>..oo......... .
........................# .
........................# .
..............#.........# .
....###.................... .
#### ..................... #
..................$...
....[...............


You could see 2 orc priests.

Vanquished Creatures
  A kobold brigand (Sewer)
  A centaur zombie (Ossuary)
  A hound (D:4)
  An orc priest (D:4)
  A gnoll bouda (D:4)
  A sleepcap (D:4)
  4 mummies
  5 gnolls (D:4)
  A river rat (Sewer)
  6 adders
  2 ufetubi (D:4)
  2 worms (D:4)
  A dart slug (D:3)
  6 orcs
  3 endoplasms
  4 giant cockroaches (D:4)
  A gnoll zombie (Ossuary)
  4 goblins
  6 hobgoblins
  8 jackals
  7 kobolds
  5 ball pythons
  A bat (D:2)
  A frilled lizard (D:1)
  A goblin zombie (Ossuary)
  3 hobgoblin zombies
  2 kobold zombies (Ossuary)
  2 orc zombies
  13 rats
94 creatures vanquished.

Vanquished Creatures (others)
  2 plants (D:4)
2 creatures vanquished.

Grand Total: 96 creatures vanquished

Notes
Turn   | Place    | Note
-------+----------+-------------------------------------------
     0 | D:1      | voltaire321 the Demonspawn Artificer began the quest for
                  | the Orb.
     0 | D:1      | Reached XP level 1. HP: 15/15 MP: 1/1
    26 | D:1      | Reached skill level 1 in Dodging
    93 | D:1      | Gained mutation: You are partially covered in molten
                  | scales. (AC +2) [demonic ancestry]
    93 | D:1      | Reached XP level 2. HP: 7/21 MP: 2/2
   365 | D:1      | Found a faded altar of an unknown god.
  1158 | D:2      | Reached XP level 3. HP: 27/27 MP: 3/3
  2003 | D:3      | Gained mutation: You may rarely emit foul miasma when
                  | damaged in melee. [demonic ancestry]
  2003 | D:3      | Reached XP level 4. HP: 25/33 MP: 4/4
  2083 | D:3      | Identified the +4 long sword "Gualus" {venom, Will+}
  2241 | D:3      | Found an iron altar of Okawaru.
  2326 | D:4      | Found a glowing drain.
  2338 | Sewer    | Entered a sewer
  2398 | Sewer    | Noticed a kobold brigand
  2407 | Sewer    | Killed a kobold brigand
  2408 | Sewer    | Reached skill level 1 in Spellcasting
  2408 | Sewer    | Reached skill level 1 in Summonings
  2408 | Sewer    | Reached XP level 5. HP: 22/39 MP: 2/6
  2573 | D:4      | Reached skill level 1 in Long Blades
  2588 | D:4      | Gained mutation: You have a pair of small horns on your
                  | head. [demonic ancestry]
  2588 | D:4      | Reached XP level 6. HP: 16/46 MP: 3/8
  2696 | D:4      | Reached skill level 4 in Evocations
  2749 | D:4      | Found a sand-covered staircase.
  2756 | Ossuary  | Entered an ossuary
  3337 | D:4      | HP: 2/46 [orc priest/nerve-wracking pain (4)]
  3338 | D:4      | Slain by an orc priest

Illustrated notes

Levels and vault maps discovered:
D:1:      dpeg_arrival_shrine, layout_basic, shapermc_ecumenical_altar_pompeii
D:2:      layout_loops_ring, nicolae_concentric_dashed_squares_mild,
          minmay_hedge_maze, amcnicky_mini_rare_corridor_liquid,
          minmay_pentomino_z2
D:3:      layout_loops_cross, okawaru_altar_gauntlet_db
D:4:      layout_basic, minmay_temple_entry_gardened_gates,
          nicolae_ossuary_entry_giza, portal_sewer_entry_b, minmay_between

Skill      XL: |  1  2  3  4  5  6 |
---------------+-------------------+-----
Dodging        | 1 2 |  2.6
Armour         | 2 3 |  3.1
Fighting       | 2 |  2.7
Spellcasting   | 1 |  1.8
Summonings     | 1 2 |  2.0
Long Blades    | 1 |  1.6
Evocations     | 4 |  4.1
Stealth        | |  0.8

Action                     |  1- 3 |  4- 6 || total
---------------------------+-------+-------++-------
  Melee: Club              |    47 |       ||    47
         War axe           |    73 |     6 ||    79
         Dagger            |    21 |       ||    21
         Short sword       |     1 |       ||     1
         Punch             |     1 |       ||     1
         Long sword        |       |   145 ||   145
         Headbutt          |       |    18 ||    18
  Evoke: Wand              |     6 |       ||     6
   Stab: Sleeping          |     1 |     5 ||     6
 Armour: Leather armour    |    57 |    54 ||   111
  Dodge: Dodged            |   119 |   122 ||   241

Table legend: (Time is in decaauts)
 A = Elapsed time spent in this place.
 B = Non-inter-level travel time spent in this place.
 C = Inter-level travel time spent in this place.
 D = Time resting spent in this place.
 E = Time spent auto-exploring this place.
 F = Levels seen in this place.
 G = Mean time per level.
                   A        B        C        D        E       F      G
               +--------+--------+--------+--------+--------+-----+--------+
         Total |   3495 |   3371 |    124 |    178 |   2007 |   6 |  582.5 |
       Dungeon |   2921 |   2797 |    124 |    140 |   1851 |   4 |  730.2 |
         Sewer |    269 |    269 |      0 |      0 |     81 |   1 |  269.0 |
       Ossuary |    305 |    305 |      0 |     38 |     74 |   1 |  305.0 |
               +--------+--------+--------+--------+--------+-----+--------+

Top non-repeatable levels by time:
     D:2: 892 daAuts
     D:3: 758 daAuts
     D:1: 701 daAuts
     D:4: 568 daAuts
 Ossuary: 305 daAuts
   Sewer: 269 daAuts
